 Dungeon Crawl Stone Soup version 0.31-a0-133-gaae73658be (webtiles) character file.

Game seed: 6219199905879634129

963 benadryl the Carver (level 7, 0/53 HPs)
             Began as a Demigod Hunter on June 2, 2023.
             Slain by a sleepcap (12 damage)
             ... on level 5 of the Dungeon.
             The game lasted 00:04:57 (3651 turns).

benadryl the Carver (Demigod Hunter)                Turns: 3651, Time: 00:04:58

Health: 0/53       AC:  4    Str: 12    XL:     7   Next: 61%
Magic:  9/9        EV:  2    Int: 11    God:
Gold:   262        SH:  0    Dex: 25    Spells: 6/6 levels left

rFire   . . .        e - +1 double sword
rCold   . . .        (no shield)
rNeg    . . .        c - +1 leather armour
rPois   .            (no helmet)
rElec   .            (no cloak)
rCorr   .            (no gloves)
SInv    +            (no boots)
Will    .....        d - amulet of the acrobat
Stlth   ++           u - ring of see invisible
HPRegen 0.28/turn    (no ring)
MPRegen 0.11/turn

%: acrobat
@: sleeping
A: high MP 1, forlorn, divine attributes
a: no special abilities


You were on level 5 of the Dungeon.
You visited 1 branch of the dungeon, and saw 5 of its levels.

You collected 262 gold pieces.

Inventory:

Hand Weapons
 a - a +0 shortbow
 e - a +1 double sword (weapon)
Missiles
 w - 4 curare-tipped darts (quivered)
Armour
 c - a +1 leather armour (worn)
 o - a +0 chain mail
 s - a +0 plate armour
Jewellery
 d - an amulet of the acrobat (around neck)
 u - a ring of see invisible (left hand)
 y - a ring of flight
 z - an amulet of regeneration
Wands
 m - a wand of acid (9)
Scrolls
 b - 2 scrolls of butterflies
 g - a scroll of amnesia
 h - 4 scrolls of fog
 p - 2 scrolls of enchant armour
 v - 3 scrolls of teleportation
 x - a scroll of fear
Potions
 f - a potion of degeneration
 i - a potion of cancellation {unknown}
 j - 2 potions of haste {unknown}
 k - 3 potions of heal wounds
 l - 5 potions of curing {@q1}
 n - a potion of mutation
 q - a potion of might {unknown}
 r - 3 potions of enlightenment
 t - a potion of magic {unknown}


   Skills:
 - Level 1.7 Fighting
 * Level 8.1 Long Blades
 - Level 3.9 Ranged Weapons
 - Level 1.7 Dodging
 - Level 0.8 Stealth


You had 6 spell levels left.
You didn't know any spells.
Your spell library contained the following spells:

 Spells                   Type           Power      Damage    Failure   Level
 Apportation              Tloc           0%         N/A       41%         1
 Necrotise                Necr           0%         1d4       41%         1
 Summon Small Mammal      Summ           0%         N/A       41%         1


Dungeon Overview and Level Annotations

Branches:
Dungeon (5/15)
 Temple: D:4-7

Shops:
D:3 !


Innate Abilities, Weirdness & Mutations

You have an increased reservoir of magic. (+10% MP)
You shall have no god before yourself.
Your divine heritage dramatically boosts your attributes as you level up.


Message History

The sleepcap misses you.
You hit the sleepcap.
The sleepcap is heavily damaged.
The sleepcap releases spores at you! The sleepcap barely misses you.
You slash the sleepcap!
The sleepcap is almost destroyed.
The sleepcap closely misses you. x2
You hit the sleepcap.
The sleepcap is lightly damaged.
The sleepcap releases spores at you.
You are engulfed in a cloud of soporific spores!
You fall asleep.
The sleepcap barely misses you. x2
The sleepcap releases spores at you but does no damage.
The sleepcap releases spores at you!
You wake up.
The sleepcap releases spores at you.
You are engulfed in a cloud of soporific spores!
You are unaffected.
You hit the sleepcap.
The sleepcap is almost destroyed.
The sleepcap closely misses you. The sleepcap barely misses you.
You slice the sleepcap!!
You destroy the sleepcap!
The sleepcap releases spores at you but does no damage.
You slash the sleepcap!
The sleepcap is moderately damaged.
The sleepcap releases spores at you!
* * * LOW HITPOINT WARNING * * *
The sleepcap barely misses you.
You slash the sleepcap!
You destroy the sleepcap!
The sleepcap closely misses you.
You slash the sleepcap!
The sleepcap is heavily damaged.
The sleepcap releases spores at you.
* * * LOW HITPOINT WARNING * * *
You are engulfed in a cloud of soporific spores!
You fall asleep.
The sleepcap releases spores at you!
You die...

#......)##.#..##.
##...........###.
#######......†##..####.
##...#.........###.##.'.
#..............# #.#..##
..............####...###
........................
................###..###
#......@..#####....#..##
##.♣♣''f♣♣# ####...... #
♣..... ####### ♣.....♣
♣♣...♣♣ ♣...♣ ♣♣$♣♣ #..
♣[ ... ###


You could see a sleepcap.

Vanquished Creatures
  An ice beast (D:4)
  An ogre (D:5)
  A centaur (D:5)
  3 scorpions
  A howler monkey (D:5)
  3 hounds
  A jelly (D:5)
  3 sleepcaps (D:5)
  Terence (D:2)
  2 iguanas
  10 adders
  3 gnolls (D:4)
  A white imp (D:5)
  A worm (D:2)
  3 dart slugs
  5 orcs
  9 endoplasms
  3 giant cockroaches (D:1)
  7 goblins
  5 hobgoblins
  8 kobolds
  3 quokkas
  4 ball pythons
  7 bats
  2 frilled lizards
  4 rats
92 creatures vanquished.

Notes
Turn   | Place    | Note
-------+----------+-------------------------------------------
     0 | D:1      | benadryl the Demigod Hunter began the quest for the Orb.
     0 | D:1      | Reached XP level 1. HP: 17/17 MP: 3/3
   117 | D:1      | Reached XP level 2. HP: 24/24 MP: 4/4
   147 | D:1      | Reached skill level 1 in Long Blades
   621 | D:2      | Reached skill level 2 in Long Blades
   625 | D:2      | Noticed Terence
   631 | D:2      | Killed Terence
   632 | D:2      | Reached XP level 3. HP: 20/29 MP: 5/5
   711 | D:2      | Reached skill level 3 in Long Blades
   947 | D:2      | Reached XP level 4. HP: 29/36 MP: 6/6
  1618 | D:3      | Found Ris Hain's Distillery.
  1628 | D:3      | Reached skill level 4 in Long Blades
  1632 | D:3      | Reached XP level 5. HP: 30/41 MP: 7/7
  2527 | D:4      | Reached skill level 5 in Long Blades
  2624 | D:4      | Noticed an ice beast
  2635 | D:4      | Killed an ice beast
  2636 | D:4      | Reached XP level 6. HP: 32/48 MP: 8/8
  2789 | D:4      | Reached skill level 6 in Long Blades
  3167 | D:5      | Entered Level 5 of the Dungeon
  3308 | D:5      | Reached XP level 7. HP: 52/53 MP: 9/9
  3360 | D:5      | Reached skill level 7 in Long Blades
  3640 | D:5      | Reached skill level 8 in Long Blades
  3651 | D:5      | Slain by a sleepcap

Illustrated notes

Levels and vault maps discovered:
D:1:      erik_arrival_orb_chamber, layout_basic, kennysheep_flooded_box,
          dreamdust_mushroom_princess, minmay_split_cup_small
D:2:      layout_rooms, uniq_terence
D:3:      layout_basic, mainiacjoe_overflow_small_starburst,
          amcnicky_altar_gilded, serial_shops, shop, kennysheep_generic_room_13
D:4:      layout_basic, evilmike_ruin_ashenzari
D:5:      layout_rooms, mainiacjoe_overflow_six_doors_small, hellmonk_no_cap

Skill      XL: |  1  2  3  4  5  6  7 |
---------------+----------------------+-----
Long Blades    | 2 3 4 5 6 8 |  8.1
Fighting       | |  1.7
Ranged Weapons | |  3.9
Dodging        | |  1.7
Stealth        | |  0.8

Action                     |  1- 3 |  4- 6 |  7- 9 || total
---------------------------+-------+-------+-------++-------
  Melee: Double sword      |    78 |   103 |    29 ||   210
         Punch             |       |     2 |       ||     2
   Fire: Shortbow          |    13 |       |       ||    13
  Throw: Dart              |       |     7 |       ||     7
  Evoke: Wand              |       |       |     1 ||     1
    Use: Scroll            |       |    13 |       ||    13
         Potion            |       |     1 |       ||     1
   Stab: Sleeping          |     3 |     2 |       ||     5
         Distracted        |       |     1 |       ||     1
 Armour: Leather armour    |    33 |    16 |     9 ||    58
         Chain mail        |       |    27 |       ||    27
         Plate armour      |       |     2 |       ||     2
  Dodge: Dodged            |    52 |    62 |    24 ||   138

Table legend: (Time is in decaauts)
 A = Elapsed time spent in this place.
 B = Non-inter-level travel time spent in this place.
 C = Inter-level travel time spent in this place.
 D = Time resting spent in this place.
 E = Time spent auto-exploring this place.
 F = Levels seen in this place.
 G = Mean time per level.
                   A        B        C        D        E       F      G
               +--------+--------+--------+--------+--------+-----+--------+
         Total |   3722 |   3613 |    109 |    517 |   2369 |   5 |  744.4 |
       Dungeon |   3722 |   3613 |    109 |    517 |   2369 |   5 |  744.4 |
               +--------+--------+--------+--------+--------+-----+--------+

Top non-repeatable levels by time:
     D:3: 1091 daAuts
     D:2: 791 daAuts
     D:4: 715 daAuts
     D:1: 633 daAuts
     D:5: 489 daAuts
